Map: Central Protocol

Players

Polt - Winner!

  • Race: Terran Terran

Soulkey

  • Race: Zerg Zerg

Event: IEM Season 10 - Taipei

VOD

https://www.youtube.com/watch?v=zaNiDk4mbHs

Description

Time

  • Played on: Jan. 31, 2016, 10:49 p.m.
  • Length: 16:08

All games in this series

Show
View Real Time Build Order
Export as new Build Order

Polt Terran - Winner!

Build Orders: Reaper Expand, Bio Tank 

Get SALT Encoding   

  12  0:00  SCV  
  13  0:12  SCV  
  14  0:17  Supply Depot  
  14  0:25  SCV  
  15  0:39  SCV  
  15  0:40  Barracks  
  16  0:44  Refinery  
  16  0:51  SCV  
  17  1:03  SCV  
  18  1:15  SCV  
  19  1:27  Orbital Command  
  19  1:28  Reaper  
  20  1:43  Command Center  
  20  1:53  SCV  
  21  1:57  Supply Depot  
  21  2:00  Marine  
  22  2:05  SCV  
  23  2:08  Factory  
  23  2:13  Refinery  
  23  2:19  SCV  
  23  2:22  Barracks Reactor  
  24  2:31  SCV  
  25  2:43  SCV  
  26  2:53  Starport  
  26  2:55  SCV  
  26  2:56  Factory Tech Lab  
  27  2:58  Orbital Command  
  27  2:59  Marine x2  
  27  3:01  Bunker  
  29  3:07  SCV  
  30  3:17  Marine x2  
  30  3:19  SCV, Siege Tank  
  36  3:24  SCV  
  37  3:31  SCV  
  37  3:32  Supply Depot  
  38  3:35  Marine  
  38  3:36  SCV  
  38  3:37  Medivac  
  42  3:41  Marine  
  42  3:43  SCV  
  42  3:47  Barracks  
  44  3:49  SCV  
  45  3:55  SCV  
  45  4:00  Supply Depot  
  45  4:01  SCV  
  47  4:02  Factory Reactor  
  47  4:10  SCV  
  47  4:13  SCV  
  47  4:15  Starport Reactor  
  49  4:18  Stimpack, Marine  
  49  4:19  Barracks  
  49  4:23  SCV  
  51  4:25  SCV  
  51  4:27  Barracks  
  51  4:30  Barracks  
  52  4:34  Supply Depot  
  52  4:36  Refinery  
  52  4:38  Marine  
  52  4:43  Barracks Reactor  
  53  4:46  SCV x2  
  53  4:48  Factory Tech Lab  
  53  4:50  Supply Depot, Engineering Bay  
  55  4:56  Marine  
  56  5:03  SCV x2  
  58  5:08  Marine x2  
  58  5:09  Medivac, Siege Tank  
  64  5:19  Supply Depot  
  64  5:24  Marine x2  
  64  5:25  Marine x5  
  64  5:26  Marine x2  
  73  5:28  Terran Infantry Weapons Level 1  
  73  5:29  Missile Turret  
  73  5:31  Supply Depot  
  73  5:33  Supply Depot  
  73  5:34  Missile Turret  
  73  5:41  Siege Tank  
  76  5:48  Marine x6  
  76  5:49  Marine x2  
  84  5:51  Marine  
  84  5:55  Medivac  
  87  6:01  Supply Depot x2  
  87  6:07  Marine x6  
  87  6:10  Marine x2  
  95  6:12  Marine  
  96  6:24  Siege Tank  
  99  6:32  Marine x5  
  100  6:33  Marine x4  
  100  6:34  Medivac  
  100  6:36  Combat Shields  
  109  6:53  Marine x7  
  118  6:54  Marauder  
  118  6:58  Marine  
  117  7:05  Supply Depot x2, Siege Tank  
  120  7:11  Medivac  
  97  7:26  Marauder, Marine x7  
  100  7:37  Siege Tank  
  100  7:41  Medivac  
  101  7:47  Marauder, Marine x7  
  87  8:04  Marine  
  77  8:08  Marine x6  
  77  8:09  Marauder  
  77  8:11  Siege Tank  
  86  8:13  Medivac  
  88  8:22  Marine  
  88  8:26  Marine x6  
  95  8:29  Terran Infantry Armor Level 1  
  95  8:30  Marauder  
  97  8:40  Marine  
  98  8:44  Marine x6  
  104  8:50  Siege Tank  
  104  8:52  Marauder  
  104  8:54  Medivac  
  111  8:58  Marine  
  111  9:01  Marine x2  
  111  9:02  Marine x4  
  110  9:16  Marauder, Marine  
  100  9:19  Marine x4  
  100  9:20  Marine x2  
  100  9:22  Siege Tank  
  80  9:24  Medivac  
  111  9:32  Refinery  
  111  9:34  Marine  
  111  9:37  Marauder, Marine x6  
  119  9:52  Marine  
  102  9:55  Marine x6  
  102  9:59  Marauder  
  110  10:02  Siege Tank  
  110  10:03  Medivac  
  115  10:09  Marine  
  116  10:20  Marauder  
  109  10:21  Marine x6  
  109  10:27  Orbital Command, Marine  
  116  10:34  Siege Tank  
  119  10:39  Marine x6  
  119  10:42  Marauder  
  127  10:45  Marine  
  128  10:57  Marine x6  
  128  11:03  Marauder, Marine  
  132  11:15  Refinery  
  132  11:20  Marine x6  
  132  11:21  Marine  
  132  11:22  Orbital Command  
  132  11:24  Marauder  
  141  11:38  Marine  
  127  11:49  Marauder  
  127  11:50  Marine x6  
  98  11:56  Marine  
  98  11:57  Medivac  
  98  11:58  SCV  
  98  11:59  SCV  
  101  12:08  Marine x6  
  95  12:11  Marauder  
  95  12:13  Marine  
  104  12:39  Marauder, Marine x7  
  102  12:46  Medivac  
  73  12:59  Marine x2  
  73  13:00  Marine x2  
  73  13:01  Marauder  
  73  13:04  Marine x2  
  73  13:15  SCV  
  66  13:20  Medivac  
  66  13:27  SCV  
  66  13:36  Concussive Shells  
  66  13:38  Marauder, Marine x2  
  66  13:39  SCV  
  69  13:42  Marine x2  
  69  13:45  Marine  
  72  13:51  Marine x2  
  74  14:02  Marauder, Marine x4  
  79  14:07  Marine  
  79  14:17  Marine x2  
  79  14:19  Marine  
  79  14:20  Marine x3  
  79  14:23  Marauder  
  84  14:30  Medivac  
  84  14:50  Marauder, Marine x3  
  83  15:17  Marauder, Marine x6  
  83  15:19  Marine  
  92  15:26  Medivac  
  94  15:45  Marauder, Marine x4  
  94  15:48  Marine x2  
Show
View Real Time Build Order
Export as new Build Order

Soulkey Zerg 

Build Orders: Hatch First 

Get SALT Encoding   

  12  0:00  Drone  
  13  0:12  Overlord  
  13  0:17  Drone  
  14  0:30  Drone x2  
  14  0:34  Drone  
  17  0:54  Drone, Hatchery  
  17  0:58  Drone  
  18  1:09  Extractor  
  17  1:13  Spawning Pool  
  17  1:14  Drone  
  17  1:18  Drone  
  18  1:28  Drone  
  19  1:38  Overlord  
  19  1:59  Queen  
  19  2:00  Zergling x4  
  23  2:06  Queen  
  25  2:08  Metabolic Boost  
  25  2:11  Zergling x2  
  25  2:13  Drone  
  27  2:18  Drone  
  28  2:32  Drone  
  28  2:35  Queen  
  30  2:42  Queen  
  31  2:47  Drone, Overlord  
  31  2:48  Overlord  
  32  2:54  Drone x2  
  34  3:03  Drone  
  35  3:07  Drone  
  35  3:08  Drone x2  
  35  3:10  Drone  
  39  3:14  Drone  
  39  3:15  Drone x3  
  39  3:16  Drone  
  44  3:26  Lair  
  44  3:28  Overlord  
  44  3:29  Drone  
  45  3:37  Extractor  
  45  3:39  Drone, Extractor  
  45  3:40  Extractor  
  43  3:47  Drone  
  43  3:48  Drone x4  
  48  3:51  Drone x2  
  48  3:52  Drone x2  
  52  3:58  Overlord  
  52  4:05  Zergling x2  
  52  4:13  Drone x2  
  54  4:19  Zergling x6  
  54  4:22  Drone  
  54  4:24  Zergling x4  
  60  4:30  Spire  
  59  4:31  Overlord  
  59  4:32  Zergling x2  
  59  4:37  Extractor  
  59  4:44  Overlord  
  59  4:46  Zergling x2  
  59  4:49  Hatchery  
  60  4:54  Overlord x2  
  60  4:56  Zergling x2  
  60  4:57  Zergling x10  
  66  5:05  Drone x2  
  68  5:11  Drone  
  69  5:25  Evolution Chamber, Roach Warren  
  69  5:28  Evolution Chamber  
  66  5:29  Overlord  
  66  5:42  Mutalisk x4  
  73  5:52  Zerg Missile Weapons Level 1  
  73  5:53  Zerg Ground Armor Level 1  
  73  5:57  Drone  
  73  5:58  Drone  
  75  6:06  Roach  
  75  6:07  Roach x6  
  75  6:08  Glial Reconstitution  
  75  6:11  Overlord  
  89  6:12  Roach x2  
  89  6:18  Overlord  
  93  6:21  Roach x2  
  95  6:30  Ravager x4  
  99  6:32  Roach  
  99  6:33  Roach x5  
  99  6:37  Ravager  
  99  6:38  Zergling x6  
  105  6:50  Ravager  
  105  6:51  Ravager, Zergling x10  
  112  7:01  Roach  
  112  7:02  Roach x2  
  112  7:04  Ravager  
  118  7:10  Roach x3  
  118  7:14  Zergling x10  
  105  7:23  Roach x5  
  115  7:31  Overlord  
  115  7:32  Overlord x2  
  115  7:42  Roach x3  
  115  7:43  Overlord  
  113  7:57  Roach x5  
  94  8:07  Queen  
  94  8:10  Roach x4  
  102  8:16  Zerg Missile Weapons Level 2  
  102  8:24  Queen  
  104  8:27  Roach  
  104  8:29  Roach  
  104  8:32  Roach  
  110  8:34  Roach  
  110  8:37  Roach  
  110  8:40  Ravager x2  
  110  8:41  Ravager  
  117  8:42  Roach  
  117  8:47  Ravager, Roach  
  122  8:49  Zergling x4  
  122  8:51  Roach  
  122  8:53  Roach  
  128  8:59  Roach  
  128  9:00  Ravager, Zergling x2  
  128  9:01  Zergling x4  
  134  9:05  Roach  
  134  9:14  Roach  
  107  9:18  Roach x4  
  107  9:19  Zergling x6  
  107  9:22  Zergling x2  
  118  9:25  Ravager  
  118  9:26  Zergling x6  
  118  9:31  Ravager, Zergling x4  
  123  9:32  Zergling x2  
  123  9:35  Roach  
  123  9:37  Roach  
  130  9:40  Roach  
  130  9:42  Roach  
  115  9:53  Roach x2  
  115  9:54  Roach  
  115  9:58  Ravager, Roach x3  
  115  9:59  Roach  
  130  10:06  Roach  
  136  10:07  Roach x2  
  136  10:09  Overlord  
  125  10:22  Roach  
  125  10:23  Roach x4  
  135  10:29  Ravager, Zergling x2  
  135  10:30  Zergling x6  
  135  10:32  Ravager  
  139  10:53  Zergling x8  
  139  10:54  Zergling x4  
  121  11:03  Roach x5  
  121  11:04  Roach x2  
  135  11:05  Ravager  
  133  11:14  Ravager  
  133  11:16  Roach  
  124  11:41  Ravager  
  124  11:42  Zergling x2  
  124  11:43  Zergling x8  
  86  12:00  Roach x5  
  86  12:09  Roach  
  88  12:17  Ravager  
  88  12:20  Zergling x4  
  91  12:28  Roach x2  
  95  12:33  Roach  
  82  12:48  Roach x3  
  70  12:53  Roach  
  72  12:59  Roach  
  63  13:17  Roach x4  
  63  13:19  Extractor  
  51  13:32  Roach x3  
  52  13:41  Roach  
  52  13:42  Roach  
  56  13:50  Roach  
  56  13:51  Roach  
  59  13:57  Roach  
  60  14:06  Roach  
  62  14:11  Ravager  
  62  14:12  Ravager  
  64  14:20  Roach x2  
  68  14:31  Roach x2  
  62  14:42  Roach  
  56  14:53  Ravager  
  56  14:56  Drone x4  
  56  14:57  Drone  
  62  15:00  Extractor  
  62  15:04  Ravager  
  62  15:08  Roach  
  62  15:15  Ravager  
  63  15:23  Roach x3  
  69  15:44  Ravager  
  69  15:45  Hatchery  

Tags
 
Add a new tag
Caveats
  • Supply blocks, unpowered buildings, or Contaminate may cause inaccurate times.
  • Supply counts are checked every 10 seconds.